 Dungeon Crawl Stone Soup version 0.18.1-50-g88ac8fd (webtiles) character file.

6610 spiff the Fighter (level 10, 0/90 HPs)
             Began as a Demonspawn Necromancer on Sept 15, 2016.
             Was a Follower of Yredelemnul.
             Slain by a water moccasin (2 damage)
             ... on level 2 of the Lair of Beasts.
             The game lasted 00:33:42 (11310 turns).

spiff the Fighter (Demonspawn Necromancer)         Turns: 11310, Time: 00:33:42

Health: 0/90       AC:  7    Str:  6    XL:     10   Next: 71%
Magic:  3/19       EV: 15    Int: 16    God:    Yredelemnul [*.....]
Gold:   397        SH:  0    Dex: 18    Spells: 3 memorised, 14 levels left

rFire  . . .     SeeInvis .     E - +3 falchion (flame)
rCold  + + .     Gourm    .     s - +1 robe of Ujew {rElec rC++ rCorr Str-4} (curse)
rNeg   . . .     Faith    .     (no shield)
rPois  .         Spirit   .     (helmet restricted)
rElec  +         Dismiss  .     v - +0 cloak
rCorr  +         Reflect  .     (no gloves)
SustAt .         Harm     .     (no boots)
MR     .....                    (no amulet)
Stlth  ++........               (no ring)
                                (no ring)

@: lethally poisoned (0 -> -10), very slightly contaminated, not resistant to
hostile enchantments, unstealthy
A: antennae 1, molten scales 2, powered by death 1, strong 1
a: Animate Remains, Renounce Religion


You were on level 2 of the Lair of Beasts.
You worshipped Yredelemnul.
Yredelemnul was aware of your devotion.
You were not hungry.

You visited 3 branches of the dungeon, and saw 12 of its levels.

You collected 397 gold pieces.

Inventory:

Hand Weapons
 d - a -1 club
 f - a +1 mace of venom
 x - a +0 flail of protection
 E - a +3 falchion of flaming (weapon)
 M - a +2 scimitar of flaming
Armour
 a - a +0 robe
 j - a +0 leather armour
 k - a +4 ring mail
 s - the cursed +1 robe of Ujew (worn) {rElec rC++ rCorr Str-4}
   (You found it on level 4 of the Dungeon)

   It affects your strength (-4).
   It greatly protects you from cold.
   It insulates you from electricity.
   It protects you from acid and corrosion.
   It has a curse placed upon it.
 v - a +0 cloak (worn)
 A - the +1 scale mail "Vadafipo" {*Confuse Dex+6 Stlth+}
   (You found it on level 7 of the Dungeon)

   It affects your dexterity (+6).
   It may confuse you when you take damage.
   It makes you more stealthy.
 N - the +1 robe of the Orb {Str+3}
   (You found it on level 1 of the Lair of Beasts)

   It affects your strength (+3).
Magical Staves
 O - an uncursed staff of air
Jewellery
 w - an uncursed ring of ice
Wands
 I - a wand of polymorph (7/24)
 K - a wand of paralysis (9/24)
 L - a wand of acid (11/15)
 S - a wand of confusion (20/48)
Scrolls
 e - 3 scrolls of teleportation
 g - 5 scrolls of remove curse
 o - a scroll of fear
 p - 3 scrolls of enchant armour
 r - 3 scrolls of recharging
 B - a scroll of vulnerability {unknown}
 C - 3 scrolls of identify
 J - 4 scrolls of magic mapping
 P - a scroll of torment {unknown}
 Q - a scroll of enchant weapon
Potions
 h - a potion of might
 i - 2 potions of curing
 l - a potion of lignification
 u - 2 potions of haste {unknown}
 z - a potion of brilliance
 D - a potion of magic {unknown}
 G - a potion of heal wounds {unknown}
Books
 b - a book of Necromancy

   Spells                             Type                      Level
   a - Pain                           Necromancy                   1
   b - Animate Skeleton               Necromancy                   1
   c - Vampiric Draining              Necromancy                   3
   d - Regeneration                   Charms/Necromancy            3
   e - Animate Dead                   Necromancy                   4
   f - Control Undead                 Necromancy                   4
 m - a book of Burglary

   Spells                             Type                      Level
   a - Swiftness                      Charms/Air                   2
   b - Passwall                       Transmutation/Earth          2
   c - Passage of Golubria            Translocation                4
   d - Lee's Rapid Deconstruction     Earth                        5
   e - Darkness                       Hexes                        6
   f - Invisibility                   Hexes                        6
 y - a book of Frost

   Spells                             Type                      Level
   a - Freeze                         Ice                          1
   b - Throw Frost                    Conjuration/Ice              2
   c - Ozocubu's Armour               Charms/Ice                   3
   d - Throw Icicle                   Conjuration/Ice              4
   e - Summon Ice Beast               Ice/Summoning                4
Comestibles
 c - a bread ration
 n - 2 royal jellies
 q - 3 meat rations
 t - 16 fruits
 F - 5 slices of pizza
 H - a beef jerky


   Skills:
 - Level 12.4 Fighting
 + Level 6.0 Dodging
 - Level 2.0 Stealth
 - Level 6.1 Spellcasting
 - Level 7.1 Necromancy


You had 14 spell levels left.
You knew the following spells:

 Your Spells              Type           Power        Failure   Level  Hunger
a - Pain                  Necr           ####         1%          1    None
q - Vampiric Draining     Necr           ####......   1%          3    ##.....
r - Regeneration          Chrm/Necr      ###.......   12%         3    ##.....


Dungeon Overview and Level Annotations

Branches:
Dungeon (9/15)             Temple (1/1) D:7            Lair (2/8) D:8
    Orc: D:9-12

Altars:
Ashenzari
Cheibriados
Dithmenos
Elyvilon
Fedhas
Gozag
Kikubaaqudgha
Makhleb
Nemelex Xobeh
Pakellas
Qazlal
Ru
Sif Muna
Trog
Vehumet
Xom
Yredelemnul
Zin
The Shining One

Shops:
D:5 =[

Annotations:
D:5 Grinder


Innate Abilities, Weirdness & Mutations

You have a pair of small antennae on your head.
You are mostly covered in molten scales (AC +3, EV -1).
You regenerate a little health from kills.
Your muscles are strong. (Str +2)


Message History

The water moccasin bites you!
* * * LOW HITPOINT WARNING * * *
You are more poisoned.
The water moccasin poisons you! The water moccasin barely misses you.
Casting: Vampiric Draining
Confirm with . or Enter, or press ? or * to list all spells.
You don't have enough magic to cast that spell.
You barely miss the water moccasin.
The water moccasin is heavily wounded.
* * * LOW HITPOINT WARNING * * *
You feel very sick. The water moccasin closely misses you.
The water moccasin bites you but does no damage.
You closely miss the water moccasin.
The water moccasin is heavily wounded.
* * * LOW HITPOINT WARNING * * *
You feel very sick. The water moccasin bites you.
You die...
Your body rises from the dead as a mindless zombie.

... #.....#.###
###.##.#.....#
##....##.....##
#....P..#...##
#.....>....#
##..#..###.#
#....###.##
##...#####
#@##..#####
##S....?....
#..........
#..........#
##.........#
#.........#
#.........#
#..$...[..#
#####.#..#


You could see a water moccasin.

Vanquished Creatures
  A hydra (Lair:1)
  Erica (D:8)
  Psyche (D:8)
  2 spiny frogs (Lair:1)
  3 komodo dragons (Lair:1)
  2 yaks (D:8)
  A hippogriff (Lair:1)
  A basilisk (Lair:1)
  7 water moccasins
  An ice beast (D:7)
  2 sky beasts (D:6)
  A black bear (D:5)
  4 crocodiles
  An ogre (D:8)
  3 big kobolds (D:8)
  4 giant frogs
  2 howler monkeys
  3 crimson imps
  A hound (D:7)
  3 orc priests
  2 jellies
  3 orc wizards
  2 giant frog skeletons
  5 iguanas
  5 worker ants
  2 sheep (D:8)
  A killer bee zombie (D:7)
  A hound skeleton (D:8)
  A gnoll (D:1)
  16 river rats (Lair:2)
  7 adders
  4 shadow imps
  An ooze (D:3)
  An adder zombie (D:5)
  An adder skeleton (D:5)
  2 worms
  A dart slug (D:2)
  9 giant geckos
  18 orcs
  9 bats
  8 goblins
  14 hobgoblins
  3 quokkas
  6 giant newts
  6 kobolds
  6 rats
178 creatures vanquished.

Vanquished Creatures (others)
  A fungus (Lair:2)
  A plant (Lair:2)
2 creatures vanquished.

Grand Total: 180 creatures vanquished

Notes
Turn   | Place    | Note
--------------------------------------------------------------
     0 | D:1      | spiff the Demonspawn Necromancer began the quest for the Orb.
     0 | D:1      | Reached XP level 1. HP: 13/13 MP: 3/3
   300 | D:1      | Gained mutation: You are partially covered in molten scales (AC +1). [demonic ancestry]
   300 | D:1      | Reached XP level 2. HP: 17/19 MP: 1/5
   722 | D:1      | Gained mutation: You regenerate a little health from kills. [demonic ancestry]
   722 | D:1      | Reached XP level 3. HP: 16/24 MP: 0/6
  1223 | D:2      | Gained mutation: You have a pair of small horns on your head. [potion of beneficial mutation]
  1224 | D:2      | Gained mutation: Your muscles are strong. (Str +2) [potion of beneficial mutation]
  1365 | D:2      | Reached skill level 5 in Necromancy
  1698 | D:2      | Reached XP level 4. HP: 30/30 MP: 1/8
  2081 | D:2      | Learned a level 3 spell: Vampiric Draining
  2085 | D:2      | Learned a level 3 spell: Regeneration
  2700 | D:3      | Reached XP level 5. HP: 34/35 MP: 6/10
  3480 | D:4      | Gained mutation: You are mostly covered in molten scales (AC +3, EV -1). [demonic ancestry]
  3480 | D:4      | Reached XP level 6. HP: 38/41 MP: 6/12
  3527 | D:4      | Found a snail-covered altar of Cheibriados.
  3585 | D:4      | Got a tattered robe
  3596 | D:4      | Identified the cursed +1 robe of Ujew {rElec rC++ rCorr Str-4} (You found it on level 4 of the Dungeon)
  3712 | D:5      | Entered Level 5 of the Dungeon
  4022 | D:5      | Found Zaotuirph's Armour Boutique.
  4241 | D:5      | Lost mutation: You have a pair of small horns on your head. [demonic ancestry]
  4241 | D:5      | Gained mutation: You have a pair of small antennae on your head. [demonic ancestry]
  4241 | D:5      | Reached XP level 7. HP: 39/47 MP: 14/14
  4277 | D:5      | Noticed Grinder
  4281 | D:5      | Paralysed by Grinder for 7 turns
  4304 | D:5      | Reached skill level 1 in Fighting
  4365 | D:5      | Reached skill level 5 in Spellcasting
  4495 | D:5      | Found Myulomm's Jewellery Shoppe.
  4595 | D:6      | Reached skill level 2 in Fighting
  4817 | D:6      | Reached skill level 3 in Fighting
  5127 | D:7      | Got a heavily runed scale mail
  5128 | D:7      | Identified the +1 scale mail "Vadafipo" {*Confuse Dex+6 Stlth+} (You found it on level 7 of the Dungeon)
  5153 | D:7      | Reached skill level 4 in Fighting
  5153 | D:7      | Reached XP level 8. HP: 55/60 MP: 14/17
  5190 | D:7      | Found a staircase to the Ecumenical Temple.
  5201 | Temple   | Entered the Ecumenical Temple
  5470 | Temple   | Became a worshipper of Yredelemnul the Dark
  5967 | D:7      | Found an ancient bone altar of Kikubaaqudgha.
  6035 | D:7      | Reached skill level 5 in Fighting
  6037 | D:7      | Found a sacrificial altar of Ru.
  6043 | D:7      | Found a radiant altar of Vehumet.
  6259 | D:7      | Found a sparkling altar of Nemelex Xobeh.
  6811 | D:8      | Found a staircase to the Lair.
  6837 | D:8      | Found a stormy altar of Qazlal.
  6923 | D:8      | Reached skill level 6 in Fighting
  7055 | D:8      | Reached skill level 7 in Fighting
  7174 | D:8      | Noticed a three-headed hydra
  7429 | D:8      | Found a glowing silver altar of Zin.
  7429 | D:8      | Noticed Psyche
  7632 | D:8      | Noticed Erica
  7749 | Lair:1   | Entered Level 1 of the Lair of Beasts
  7749 | Lair:1   | Noticed a komodo dragon
  7762 | D:8      | Killed Psyche
  7762 | D:8      | Reached skill level 8 in Fighting
  7762 | D:8      | Reached XP level 9. HP: 32/75 MP: 15/18
  8039 | D:8      | Found a burning altar of Makhleb.
  8039 | D:8      | Noticed an Executioner
  8298 | D:8      | Killed Erica
  8298 | D:8      | Reached skill level 10 in Fighting
  8682 | Lair:1   | Killed a komodo dragon
  8788 | Lair:1   | Got a warped robe
  8789 | Lair:1   | Identified the +1 robe of the Orb {Str+3} (You found it on level 1 of the Lair of Beasts)
  8795 | Lair:1   | Noticed a komodo dragon
  8803 | Lair:1   | Killed a komodo dragon
  8803 | Lair:1   | Reached skill level 11 in Fighting
  9199 | Lair:1   | Noticed a komodo dragon
  9214 | Lair:1   | Killed a komodo dragon
  9214 | Lair:1   | Reached XP level 10. HP: 14/88 MP: 0/19
  9240 | Lair:1   | Reached * piety under Yredelemnul
  9666 | Lair:1   | Noticed a four-headed hydra
  9687 | Lair:1   | Killed a one-headed hydra
  9687 | Lair:1   | Reached skill level 12 in Fighting
 10027 | Lair:1   | Noticed a spiny frog
 10041 | Lair:1   | Killed a spiny frog
 10540 | Lair:1   | Noticed a spiny frog
 10551 | Lair:1   | Killed a spiny frog
 10906 | Lair:2   | Reached skill level 5 in Dodging
 11310 | Lair:2   | HP: 2/90 [poisoned by a water moccasin]
 11310 | Lair:2   | Slain by a water moccasin

Skill      XL: |  1  2  3  4  5  6  7  8  9 10 |
---------------+-------------------------------+-----
Dodging        | 2 6 |  6.0
Stealth        | 2 |  2.0
Necromancy     | 5 6 7 |  7.1
Spellcasting   | 3 4 6 |  6.1
Fighting       | 4 8 11 12 | 12.4

Action                   |  1- 3 |  4- 6 |  7- 9 | 10-12 || total
-------------------------+-------+-------+-------+-------++-------
Melee: Club              |    14 |    26 |       |       ||    40
       Headbutt          |     1 |    10 |       |       ||    11
       Mace              |       |    55 |   160 |       ||   215
       Falchion          |       |       |   113 |   149 ||   262
       Unarmed           |       |       |     7 |       ||     7
 Cast: Pain              |    73 |    88 |    44 |     7 ||   212
       Regeneration      |       |     2 |    12 |     3 ||    17
       Vampiric Draining |       |     1 |    38 |    29 ||    68
  Use: Potion            |     2 |       |     1 |       ||     3
       Scroll            |     1 |    11 |     7 |       ||    19
 Stab: Sleeping          |     3 |       |     2 |     4 ||     9
       Distracted        |       |       |       |     1 ||     1
  Eat: Chunk             |     3 |     7 |    15 |     5 ||    30
       Fruit             |       |       |     2 |       ||     2
       Bread ration      |       |       |     1 |       ||     1
       Meat ration       |       |       |       |     1 ||     1
       Pizza             |       |       |       |     1 ||     1
Armor: Robe              |     7 |    22 |   106 |    65 ||   200
       Ring mail         |     6 |    29 |       |       ||    35
       Skin              |       |       |    12 |       ||    12
Dodge: Dodged            |    19 |    70 |   202 |   166 ||   457
